 Dungeon Crawl Stone Soup version bcrawl-1.19-7-g22fd707d3b (webtiles) character file.

Game seed: 16509187874944177819

191 Freyura the Skirmisher (level 5, -2/48 HPs)
             Began as a Hill Orc Fighter on Nov 18, 2019.
             Was an Initiate of Qazlal.
             Slain by Notrik's ghost (13 damage)
             ... on level 3 of the Dungeon.
             The game lasted 00:06:25 (2525 turns).

Freyura the Skirmisher (Hill Orc Fighter)           Turns: 2525, Time: 00:06:25

Health: -2/48      AC: 10    Str: 19    XL:     5   Next: 70%
Magic:  6/6        EV:  7    Int:  8    God:    Qazlal [......]
Gold:   102        SH:  9    Dex: 11    Spells: 4/4 levels left

rFire    . . .     SeeInvis .   a - +0 flail
rCold    . . .     Gourm    .   c - +0 shield
rNeg     . . .     Faith    .   b - +0 scale mail
rPois    .         Spirit   .   j - +2 helmet
rElec    .         Reflect  .   (no cloak)
rCorr    .         Harm     .   (no gloves)
MR       .....                  (no boots)
Stlth    ..........             (no amulet)
HPRegen  0.16/turn              (no ring)
MPRegen  0.10/turn              (no ring)

@: no status effects
A: no striking features
a: Renounce Religion


You were on level 3 of the Dungeon.
You worshipped Qazlal.
Qazlal was noncommittal.
You were not hungry.

You visited 1 branch of the dungeon, and saw 3 of its levels.

You collected 102 gold pieces.

Inventory:

Hand Weapons
 a - a +0 flail (weapon)
Armour
 b - a +0 scale mail (worn)
 c - a +0 shield (worn)
 j - a +2 helmet (worn)
Jewellery
 h - an uncursed ring of protection from cold {unknown}
 p - an uncursed ring of resist corrosion {unknown}
Scrolls
 e - a scroll of amnesia {unknown}
 i - 2 scrolls of remove curse {unknown}
 l - a scroll of fog {unknown}
 m - a scroll of enchant armour {unknown}
 o - a scroll of magic mapping {unknown}
Potions
 d - a potion of might
 g - a potion of magic {unknown}
 k - 2 potions of curing
 n - a potion of brilliance
Comestibles
 f - 2 rations {!d}


   Skills:
 * Level 5.1 Fighting
   Level 5.1 Short Blades
   Level 5.1 Long Blades
   Level 5.1 Axes
   Level 5.1 Maces & Flails
   Level 5.1 Polearms
   Level 5.1 Staves
 + Level 4.3 Armour
 + Level 4.2 Shields
   Level 5.1 Unarmed Combat
 + Level 1.5 Invocations


You had 4 spell levels left.
You didn't know any spells.
Your spell library was empty.

Dungeon Overview and Level Annotations

Branches:
Dungeon (3/12)

Altars:
Qazlal
Wu Jian
Yredelemnul

Annotations:
D:3 Notrik's ghost, amateur HOFi


Message History

Your shield and scale mail prevent you from hitting Notrik's ghost.
Notrik's ghost is severely damaged.
Notrik's ghost completely misses you.
You hit Notrik's ghost.
Notrik's ghost is severely damaged.
Notrik's ghost hits you!
* * * LOW HITPOINT WARNING * * *
You barely miss Notrik's ghost.
Notrik's ghost is severely damaged.
You block Notrik's ghost's attack.
You barely miss Notrik's ghost.
Notrik's ghost is severely damaged.
Notrik's ghost completely misses you.
You closely miss Notrik's ghost.
Notrik's ghost is severely damaged.
You block Notrik's ghost's attack. x2
You hit Notrik's ghost but do no damage.
Notrik's ghost is severely damaged.
Notrik's ghost hits you!
You die...

.#
#........####.......########
.#####........#
#.#.............
..............#
#.....###.######
.......#.#.##.# ##.#.## #.#
.......#.#.##.# #.#.# #.#
#.....##.#.##.#####.#.# #.#
#.....#..#######......# #.#
##.....>.#.....#.#..### #.#
.........#!≈≈≈≈W@...# #.#
##(..##.##..$..#....# #.#
#...##.########....# #.#
#...##.##########..# #.#
#..................# #.#
##.(###)).....####.# #.#
#..###.##.##)# #.# #.# #
#..#...##^##.####.# #.######
#........<.....<..# #.......


You could see Notrik's ghost.

Vanquished Creatures
  A hound (D:3)
  Terence (D:3)
  A worker ant (D:2)
  Ijyb (D:3)
  2 worms (D:2)
  6 dart slugs
  7 leopard geckos
  3 bats
  A giant cockroach (D:1)
  4 goblins
  5 hobgoblins
  4 jackals (D:1)
  14 kobolds
  4 frilled lizards
  12 rats
66 creatures vanquished.

Notes
Turn   | Place    | Note
-------+----------+-------------------------------------------
     0 | D:1      | Freyura the Hill Orc Fighter began the quest for the Orb.
     0 | D:1      | Reached XP level 1. HP: 20/20 MP: 1/1
   155 | D:1      | Reached XP level 2. HP: 22/27 MP: 2/2
   435 | D:1      | Reached XP level 3. HP: 34/34 MP: 3/3
   902 | D:2      | Reached XP level 4. HP: 35/41 MP: 4/4
  1185 | D:2      | Found a stormy altar of Qazlal.
  1195 | D:2      | Found an ornate altar of the Wu Jian Council.
  1195 | D:2      | Found a basalt altar of Yredelemnul.
  1201 | D:2      | Became a worshipper of Qazlal Stormbringer
  1538 | D:3      | Found a runed translucent door.
  1589 | D:3      | Reached skill level 5 in Fighting
  1589 | D:3      | Reached XP level 5. HP: 24/48 MP: 5/5
  1735 | D:3      | Noticed Terence
  1749 | D:3      | Killed Terence
  1749 | D:3      | Reached skill level 1 in Invocations
  1961 | D:3      | Noticed Ijyb
  2026 | D:3      | HP: 1/48 [Ijyb/sling bullet (4)]
  2051 | D:3      | Killed Ijyb
  2495 | D:3      | Noticed Notrik's ghost (amateur HOFi)
  2525 | D:3      | Slain by Notrik's ghost

Skill      XL: |  1  2  3  4  5 |
---------------+----------------+-----
Shields        | 4 |  4.2
Armour         | 4 |  4.3
Fighting       | 5 |  5.1
Invocations    | 1 |  1.5
Short Blades   | |  5.1
Long Blades    | |  5.1
Axes           | |  5.1
Maces & Flails | |  5.1
Polearms       | |  5.1
Staves         | |  5.1
Unarmed Combat | |  5.1

Action                   |  1- 3 |  4- 6 || total
-------------------------+-------+-------++-------
Melee: Flail             |   115 |   160 ||   275
       Unarmed           |       |    30 ||    30
  Use: Potion            |       |     3 ||     3
  Eat: Chunk             |       |     4 ||     4
       Ration            |       |     1 ||     1
Armor: Scale mail        |    49 |    66 ||   115
       Skin              |       |     2 ||     2
Dodge: Dodged            |    43 |    84 ||   127
Block: Shield            |    53 |    71 ||   124
